 Dungeon Crawl Stone Soup version 0.29-a0-925-g0a7a3d12f8 (webtiles) character file.

Game seed: 4651046699341066711

559 manyhoops the Ruffian (level 6, 0/48 HPs)
             Began as a Demigod Transmuter on July 28, 2022.
             Slain by an orc
             ... wielding a +0 war axe
              (8 damage)
             ... on level 5 of the Dungeon.
             The game lasted 00:06:53 (6010 turns).

manyhoops the Ruffian (Demigod Transmuter)          Turns: 6010, Time: 00:06:54

Health: 0/48       AC:  7    Str: 19      XL:     6   Next: 82%
Magic:  9/11       EV: 11    Int: 15      God:
Gold:   738        SH:  0    Dex: 13 (14) Spells: 2/8 levels left

rFire   . . .      SeeInvis .     - Unarmed
rCold   . . .      Faith    .   (no shield)
rNeg    . . .      Spirit   .   r - +3 leather armour
rPois   .          Reflect  .   (helmet currently unavailable)
rElec   .          Harm     .   (no cloak)
rCorr   .          Rampage  .   p - +0 pair of gloves
Will    .....                   (boots currently unavailable)
Stlth   +.........              (no amulet)
HPRegen 0.16/turn               (no ring)
MPRegen 0.12/turn               (no ring)

@: appendages (expiring), wereblooded
A: horns 2, talons 2, high MP 1, forlorn, divine attributes
a: End Transformation


You were on level 5 of the Dungeon.
You had temporarily grown beastly horns and talons.
You visited 1 branch of the dungeon, and saw 5 of its levels.
You also visited: Sewer.

You collected 738 gold pieces.

Inventory:

Armour
 a - a +0 robe
 g - a +0 chain mail
 o - a +0 helmet (melded)
 p - a +0 pair of gloves (worn)
 r - a +3 leather armour (worn)
Magical Staves
 k - a staff of air
Jewellery
 l - a ring of fire
Wands
 e - a wand of roots (3)
 m - a wand of polymorph (11)
Scrolls
 b - a scroll of immolation {unknown}
 f - a scroll of teleportation
 n - a scroll of amnesia
 q - a scroll of poison {unknown}
Potions
 c - a potion of curing
 d - a potion of degeneration {unknown}
 h - 3 potions of might {unknown}
 i - a potion of attraction {unknown}
 j - a potion of brilliance {unknown}


   Skills:
 - Level 2.2 Fighting
 - Level 1.7 Dodging
 - Level 7.0 Unarmed Combat
 - Level 1.7 Spellcasting
 + Level 2.2 Transmutations


You had 2 spell levels left.
You knew the following spells:

 Your Spells              Type           Power      Damage    Failure   Level
a - Beastly Appendage     Tmut           16%        N/A       11%         1
b - Wereblood             Tmut           8%         N/A       16%         2
c - Spider Form           Tmut/Pois      4%         N/A       45%         3

Your spell library contained the following spells:

 Spells                   Type           Power      Damage    Failure   Level
 Foxfire                  Conj/Fire      4%         2x1d4     26%         1
 Magic Dart               Conj           4%         1d3       26%         1
 Searing Ray              Conj           2%         2d4       38%         2
 Sublimation of Blood     Necr           1%         N/A       38%         2
 Conjure Flame            Conj/Fire      1%         6-21      63%         3
 Inner Flame              Hex/Fire       1%         N/A       63%         3
 Ice Form                 Ice/Tmut       4%         N/A       86%         4
 Flame Wave               Conj/Fire      1%         2d4       95%         4
 Fulminant Prism          Conj/Hex       0%         3d6       95%         4
 Malign Gateway           Summ/Tloc      0%         N/A       100%        7
 Summon Hydra             Summ           0%         N/A       100%        7
 Summon Horrible Things   Summ           0%         N/A       100%        8


Dungeon Overview and Level Annotations

Branches:
Dungeon (5/15)             Temple (0/1) D:4           Sewer (visited)

Annotations:
D:2 Sigmund
D:3 1 runed translucent door, yokelz's ghost, weakling MiFi
D:4 2 transporters, DolGuldur's ghost, amateur TrFi


Innate Abilities, Weirdness & Mutations

You have temporarily grown beastly horns and talons.
You have an increased reservoir of magic. (+10% MP)
You shall have no god before yourself.
Your divine heritage dramatically boosts your attributes as you level up.


Message History

Your +0 helmet melds into your body.
The gnoll sergeant hits you but does no damage.
The gnoll sergeant hits you with a +0 spear.
You hit the gnoll sergeant but do no damage.
An orc comes into view. It is wielding a +0 war axe.
The gnoll sergeant barely misses you.
You barely miss the gnoll sergeant.
The orc shouts!
Your kick misses the gnoll sergeant.
You hear a shout! x2
The gnoll sergeant closely misses you.
You hear a shout!
You hit the gnoll sergeant.
Your headbutt misses the gnoll sergeant.
The gnoll sergeant is lightly wounded.
The orc hits you with a +0 war axe.
The gnoll sergeant hits you but does no damage.
You punch the gnoll sergeant! Your kick misses the gnoll sergeant.
The gnoll sergeant is moderately wounded.
An orc comes into view. It is wielding a +0 hand axe.
The orc hits you with a +0 war axe.
The gnoll sergeant hits you with a +0 spear!
You hit the gnoll sergeant. You claw the gnoll sergeant.
Your headbutt misses the gnoll sergeant.
The gnoll sergeant is heavily wounded.
Your transformation is almost over.
A gnoll comes into view. It is wielding a +0 halberd.
The orc closely misses you.
The gnoll sergeant hits you with a +0 spear!
You barely miss the gnoll sergeant. You headbutt the gnoll sergeant.
The gnoll sergeant is heavily wounded.
You hit the gnoll sergeant. You claw the gnoll sergeant!
The gnoll sergeant is almost dead.
The orc hits you with a +0 war axe.
The gnoll sergeant hits you with a +0 spear!
* * * LOW HITPOINT WARNING * * *
The orc closely misses you. The gnoll sergeant barely misses you.
The orc closely misses you. The orc attacks as you move away!
The orc hits you with a +0 war axe!
You die...

.♣...#.[...[... .... .
.⌠...?...#....##...........
♣⌠♣P....##................#
........).#.....##..........
.....#..#.#.....##..........
.... #.#....................
.......#####.............#..
.# ....#..go..).............
#.......o.@<.....[........
........g#####.#.##..#.....
..##..####.....####........
## #.....#..# ##.#####.
#..###.#..# .# ##..##...#.##
.. #..##...##.# ...
#.##....#..# #...
##.#..o.##.## ....


You could see a gnoll sergeant, a gnoll and 2 orcs.

Vanquished Creatures
  Pargi (Sewer)
  A necrophage (D:4)
  A hound (D:4)
  2 quasits
  An orc priest (D:4)
  2 iguanas (D:5)
  2 orc wizards
  4 gnolls (D:4)
  3 adders
  4 dart slugs
  12 orcs
  5 ball pythons
  4 bats
  4 endoplasms
  10 giant cockroaches
  5 hobgoblins
  12 kobolds
  5 quokkas
  4 frilled lizards
  8 goblins
  3 rats
93 creatures vanquished.

Vanquished Creatures (others)
  2 demonic plants (D:5)
  A plant (D:1)
3 creatures vanquished.

Grand Total: 96 creatures vanquished

Notes
Turn   | Place    | Note
-------+----------+-------------------------------------------
     0 | D:1      | manyhoops the Demigod Transmuter began the quest for the
                  | Orb.
     0 | D:1      | Reached XP level 1. HP: 15/15 MP: 5/5
    28 | D:1      | Reached skill level 3 in Unarmed Combat
    76 | D:1      | Reached XP level 2. HP: 6/22 MP: 5/7
   368 | D:1      | Reached skill level 1 in Fighting
  1319 | D:2      | Reached XP level 3. HP: 28/28 MP: 8/8
  1483 | D:2      | Reached skill level 4 in Unarmed Combat
  1769 | D:2      | Noticed Sigmund
  2296 | D:3      | Identified a scroll of acquirement
  2335 | D:3      | Acquired 441 gold pieces
  2418 | D:3      | Found a runed translucent door.
  2424 | D:3      | Noticed yokelz's ghost (weakling MiFi)
  2995 | D:4      | Noticed a gnoll sergeant
  2995 | D:4      | Noticed DolGuldur's ghost (amateur TrFi)
  2997 | D:4      | Found a transporter.
  3143 | D:4      | Found a staircase to the Ecumenical Temple.
  3160 | D:4      | Reached XP level 4. HP: 31/35 MP: 9/9
  3284 | D:4      | Noticed a necrophage
  3307 | D:4      | Killed a necrophage
  3308 | D:4      | Reached skill level 5 in Unarmed Combat
  3308 | D:4      | Reached XP level 5. HP: 16/40 MP: 10/10
  3564 | D:4      | Found a glowing drain.
  3597 | Sewer    | Entered a sewer
  3905 | Sewer    | Noticed Pargi
  3926 | Sewer    | Killed Pargi
  4112 | Sewer    | Reached skill level 6 in Unarmed Combat
  4464 | D:4      | Found a transporter.
  4708 | D:5      | Entered Level 5 of the Dungeon
  4825 | D:4      | Reached XP level 6. HP: 39/48 MP: 11/11
  5628 | D:4      | Reached skill level 7 in Unarmed Combat
  5639 | D:4      | Learned a level 2 spell: Wereblood
  5643 | D:4      | Learned a level 3 spell: Spider Form
  6010 | D:5      | Slain by an orc

Illustrated notes

Levels and vault maps discovered:
D:1:      denvon_arrival_planthouse, layout_rooms,
          shapermc_ecumenical_altar_venn
D:2:      layout_rooms, hangedman_feature_mirror, minmay_pentomino_t2,
          uniq_sigmund
D:3:      layout_loops_ring, nicolae_overflow_hallway_of_the_gods,
          ebering_ghost_reflecting_pool, minivault_5
D:4:      layout_basic, minmay_temple_entry_nine_rooms, gammafunk_ghost_arena,
          portal_sewer_entry_f, nrook_mini_vaults, minmay_misc_feat_tower
D:5:      minmay_evil_eye, layout_cave_pools, serial_demonic, serial_demonic_c,
          serial_demonic_b, serial_demonic_e, serial_demonic_b

Skill      XL: |  1  2  3  4  5  6 |
---------------+-------------------+-----
Unarmed Combat | 3 4 5 6 7 |  7.0
Fighting       | 1 2 |  2.2
Transmutations | 2 |  2.2
Dodging        | |  1.7
Spellcasting   | |  1.7

Action                   |  1- 3 |  4- 6 || total
-------------------------+-------+-------++-------
Melee: Unarmed           |   210 |   213 ||   423
       Kick              |     4 |     2 ||     6
       Headbutt          |     2 |     1 ||     3
       Punch             |     5 |     6 ||    11
 Cast: Beastly Appendage |     5 |     1 ||     6
       Wereblood         |       |     1 ||     1
  Use: Scroll            |     6 |     1 ||     7
       Potion            |       |     1 ||     1
Armor: Robe              |     4 |       ||     4
       Chain mail        |   111 |   155 ||   266
       Skin              |       |     8 ||     8
       Leather armour    |       |     2 ||     2
Dodge: Dodged            |    69 |    91 ||   160

Table legend: (Time is in decaauts)
 A = Elapsed time spent in this place.
 B = Non-inter-level travel time spent in this place.
 C = Inter-level travel time spent in this place.
 D = Time resting spent in this place.
 E = Time spent auto-exploring this place.
 F = Levels seen in this place.
 G = Mean time per level.
                   A        B        C        D        E       F      G
               +--------+--------+--------+--------+--------+-----+--------+
         Total |   5983 |   5920 |     63 |   1847 |   3047 |   6 |  997.2 |
       Dungeon |   5450 |   5387 |     63 |   1583 |   2858 |   5 | 1090.0 |
         Sewer |    532 |    532 |      0 |    264 |    189 |   1 |  532.0 |
               +--------+--------+--------+--------+--------+-----+--------+

Top non-repeatable levels by time:
     D:4: 2209 daAuts
     D:1: 1235 daAuts
     D:3: 1198 daAuts
     D:2: 543 daAuts
   Sewer: 532 daAuts
     D:5: 264 daAuts
